 Dungeon Crawl Stone Soup version 0.30-a0-808-g6e0788376e (webtiles) character file.

Game seed: 7687735981401986642

44730 oldriver the Warrior (level 15, -43/144 HPs)
             Began as a Meteoran Hunter on Feb 22, 2023.
             Was a Priest of Okawaru.
             Killed from afar by Nikola (83 damage)
             ... with an arc of chain lightning
             ... on level 1 of the Swamp on Feb 26, 2023.
             The game lasted 01:02:59 (8934 turns).

oldriver the Warrior (Meteoran Hunter)              Turns: 8934, Time: 01:03:00

Health: -43/144    AC: 20    Str: 23    XL:     15   Next: 9%
Magic:  17/22      EV: 24    Int:  8    God:    Okawaru [***...]
Gold:   1856       SH: 10    Dex: 27    Spells: 14/14 levels left

rFire   + + .      SeeInvis +    u - +4 sling (flame)
rCold   + + +      Faith    .    U - +2 buckler
rNeg    . . .      Spirit   .    J - +1 fire dragon scales
rPois   +          Reflect  .    e - +1 hat "Zerhaem" {rC++ Dex+5}
rElec   .          Harm     .    t - +0 cloak of the Evening {rC++ Will+ Str+2 Int-4}
rCorr   +          Rampage  .    E - +0 pair of gloves of Charity {rCorr Dex-2 SInv}
Will    +++..                    p - +0 pair of boots
Stlth   +                        j - amulet "Ighobuna" {Regen+ Str+7 Slay+3}
HPRegen 1.24/turn                i - ring of poison resistance
MPRegen 0.18/turn                K - ring of willpower

@: heroic, finesse-ful, flying, hasted, glowing, very quick
A: sense surroundings 2, otherworldly, glowing, explore regen
a: Renounce Religion, Heroism


You were on level 1 of the Swamp.
You worshipped Okawaru.
Okawaru was most pleased with you.
You visited 4 branches of the dungeon, and saw 17 of its levels.
You also visited: Bailey and Volcano.

You collected 1856 gold pieces.

Inventory:

Hand Weapons
 h - a +4 scimitar of flaming
 u - a +4 sling of flaming (weapon)
 T - the +8 arbalest of a ziggurat {flame, rElec rN+}
   (You found it on level 4 of the Lair of Beasts)

   rElec:     It insulates you from electricity.
   rN:        It protects you from negative energy.
Missiles
 f - 6 atropa-tipped darts
 A - 26 poisoned darts
 H - 4 throwing nets
Armour
 e - the +1 hat "Zerhaem" (worn) {rC++ Dex+5}
   (Okawaru gifted it to you in the Arena)

   Dex:       It affects your dexterity (+5).
   rC:        It greatly protects you from cold.
 p - a +0 pair of boots (worn)
 r - the +7 scale mail of Bugoaz {+Inv rC+}
   (You found it on level 1 of the Lair of Beasts)

   rC:        It protects you from cold.
   +Inv:      It lets you turn invisible.
 t - the +0 cloak of the Evening (worn) {rC++ Will+ Str+2 Int-4}
   (You found it on level 7 of the Dungeon)

   Str:       It affects your strength (+2).
   Int:       It affects your intelligence (-4).
   rC:        It greatly protects you from cold.
   Will:      It increases your willpower.
 E - the +0 pair of gloves of Charity (worn) {rCorr Dex-2 SInv}
   (You acquired it on level 7 of the Dungeon)

   Dex:       It affects your dexterity (-2).
   SInv:      It lets you see invisible.
   rCorr:     It protects you from acid and corrosion.
 J - +1 fire dragon scales (worn)
 U - a +2 buckler (worn)
Jewellery
 i - a ring of poison resistance (left hand)
 j - the amulet "Ighobuna" (around neck) {Regen+ Str+7 Slay+3}
   (You acquired it on level 5 of the Dungeon)

   [amulet of regeneration]

   Str:       It affects your strength (+7).
   Slay:      It affects your accuracy & damage with ranged weapons and melee
   (+3).
   Regen:     It increases your rate of health regeneration.
 m - a ring of fire
 w - an amulet of the acrobat
 K - a ring of willpower (right hand)
Wands
 a - a wand of polymorph (5)
 g - a wand of flame (57)
 q - a wand of mindburst (11)
 v - a wand of roots (9)
 R - a wand of digging (7)
Scrolls
 b - 4 scrolls of immolation
 k - 4 scrolls of vulnerability
 l - 3 scrolls of teleportation
 n - 2 scrolls of blinking
 C - a scroll of fog
 P - a scroll of torment {unknown}
 S - a scroll of magic mapping
Potions
 c - 4 potions of mutation
 d - 2 potions of might
 o - 3 potions of berserk rage
 x - 4 potions of magic
 z - 3 potions of degeneration
 B - 2 potions of curing
 G - a potion of attraction
 L - a potion of haste
 M - 3 potions of ambrosia
 N - a potion of cancellation
 O - 2 potions of invisibility


   Skills:
 + Level 16.0(21.0) Fighting
 - Level 14.0(19.0) Ranged Weapons
 - Level 11.0(16.0) Armour
 - Level 11.0(16.0) Dodging
 - Level 0.6(5.6) Stealth
 - Level 5.0(10.0) Shields
 + Level 9.1 Invocations
 - Level 5.0 Evocations


You had 14 spell levels left.
You didn't know any spells.
Your spell library contained the following spells:

 Spells                   Type           Power      Damage    Failure   Level
 Freeze                   Ice            0%         1d3       75%         1
 Sublimation of Blood     Necr           0%         N/A       86%         2
 Wereblood                Tmut           0%         N/A       86%         2
 Frozen Ramparts          Ice            0%         1d1       98%         3
 Hailstorm                Conj/Ice       0%         3d3       98%         3
 Inner Flame              Hex/Fire       0%         N/A       98%         3
 Kindle Blastsparks       Fire/Tloc/Air  0%         2d10      98%         3
 Flame Wave               Conj/Fire      0%         2d4       100%        4
 Fulminant Prism          Conj/Hex       0%         3d5       100%        4
 Iskenderun's Mystic Bla  Conj/Tloc      0%         2d3       100%        4
 Petrify                  Tmut/Erth      0%         N/A       100%        4
 Sticky Flame             Conj/Fire      0%         2d3       100%        4
 Irradiate                Conj/Tmut      0%         3d11      100%        5
 Lee's Rapid Deconstruct  Erth           0%         3d4*      100%        5
 Summon Hydra             Summ           Unusable   N/A       N/A         7

Dungeon Overview and Level Annotations

Branches:
Dungeon (9/15) Zot: 357    Temple (1/1) D:4 Zot: 542    Lair (5/5) D:9 Zot: 473
  Swamp (2/4) Lair:2 Zot: 597  Spider (0/4) Lair:2        Slime (0/5) Lair:4
 Bailey (visited)         Volcano (visited)
    Orc: D:9-12

Altars:
Ashenzari
Cheibriados
Dithmenos
Elyvilon
Fedhas
Gozag
Hepliaklqana
Kikubaaqudgha
Makhleb
Nemelex Xobeh
Okawaru
Qazlal
Ru
Sif Muna
Trog
Uskayaw
Vehumet
Wu Jian
Xom
Yredelemnul
Zin
The Shining One
Jiyva

Annotations:
Lair:2 3 runed translucent doors
Lair:5 2 runed translucent doors
Swamp:1 Nikola


Innate Abilities, Weirdness & Mutations

You passively map the area around you.
You are easily found by Zot.
You glow in the dark.
You regain HP and MP as you explore.


Message History

The bolt of lightning hits the spriggan druid!!!
The spriggan druid dies!
A bolt of lightning appears from out of thin air!
The bolt of lightning hits you!!
* * * LOW HITPOINT WARNING * * *
The bolt of lightning hits Nikola!
Your base Fighting skill increases to level 16!
Fire: u) +4 sling (flame)
Press: ? - help, Shift-Dir - straight line, f/p - Nikola
Aim: Nikola, wielding a +3 rapier of electrocution, wearing a +0 cloak and wearing a +0 pair of gloves (heavily wounded, 81% to hit)
You shoot a sling bullet. The sling bullet hits Nikola.
The sling bullet burns Nikola.
Nikola is heavily wounded.
Fire: u) +4 sling (flame)
Press: ? - help, Shift-Dir - straight line, f/p - Nikola
Aim: Nikola, wielding a +3 rapier of electrocution, wearing a +0 cloak and wearing a +0 pair of gloves (heavily wounded, 81% to hit)
You shoot a sling bullet. The sling bullet hits Nikola!
The sling bullet burns Nikola.
Nikola is heavily wounded.
Fire: u) +4 sling (flame)
Press: ? - help, Shift-Dir - straight line, f/p - Nikola
Aim: Nikola, wielding a +3 rapier of electrocution, wearing a +0 cloak and wearing a +0 pair of gloves (heavily wounded, 81% to hit)
You shoot a sling bullet. The sling bullet hits Nikola!
The sling bullet burns Nikola.
Nikola is heavily wounded.
Nikola splashes around in the water.
Fire: u) +4 sling (flame)
Press: ? - help, Shift-Dir - straight line, f/p - Nikola
Aim: Nikola, wielding a +3 rapier of electrocution, wearing a +0 cloak and wearing a +0 pair of gloves (heavily wounded, 81% to hit)
You shoot a sling bullet. The sling bullet closely misses Nikola.
Fire: u) +4 sling (flame)
Press: ? - help, Shift-Dir - straight line, f/p - Nikola
Aim: Nikola, wielding a +3 rapier of electrocution, wearing a +0 cloak and wearing a +0 pair of gloves (heavily wounded, 81% to hit)
You shoot a sling bullet. The sling bullet hits Nikola!
The sling bullet burns Nikola.
Nikola is severely wounded.
Nikola gestures wildly while chanting.
Lightning arcs from Nikola's hands!
The bolt of lightning hits you!!!!
Ouch! That really hurt!
You die...

..~.~♣ ♣♣♣..♣♣
, * *** ~♣♣♣♣♣
♣♣....~♣ * * ,
, ♣♣ ♣
♣.~..~.♣♣* *
*,*
♣♣.♣♣~.~~~.♣ ~
♣......~~.♣♣ ,*
♣ ♣♣.~~.~.♣~~♣
* * ~ ♣
♣~♣.♣.....~♣ ,
,~ * ♣ **
~~.......§~.♣,,
~ ♣
,..~......~)@♣
** ,
.~..~...~..@♣
** *
.~.~..♣..~..♣
*, ~~ * ,,
.~..~....~.♣ ,
, , ~~,
..~..~.....♣ ,
~ *,*
§§~.~~...~♣ * ,
* *** *
~,.~..~.... ,
,* , **~
..~..~~.. * , ,
, * , ~


You could see Nikola.

Vanquished Creatures
  An eleionoma (Swamp:1)
  A bunyip (Swamp:1)
  7 hydras
  A ghost crab (Swamp:1)
  6 alligators (Swamp:1)
  2 boulder beetles
  3 death yaks (D:9)
  Sonja (Lair:4)
  A skyshark (Lair:2)
  Amaemon (D:9)
  A spriggan druid (Swamp:1)
  A swamp dragon (Swamp:1)
  A lindwurm (Lair:5)
  An orc knight (Bailey)
  3 will-o-the-wisps (Swamp:1)
  5 black mambas
  5 molten gargoyles
  An orange demon (D:9)
  3 efreet (Volcano)
  Maggie (D:8)
  8 cane toads
  A rime drake (Lair:5)
  11 komodo dragons
  3 hornets
  7 tyrant leeches
  10 blink frogs
  Grinder (D:4)
  A jumping spider (Lair:2)
  2 spriggans (Swamp:1)
  A shadow (D:6)
  22 yaks
  A vampire (D:8)
  6 wyverns
  A fire elemental (Volcano)
  2 steam dragons
  4 basilisks
  Menkaure (D:7)
  7 swamp worms
  An acid dragon (D:9)
  3 hell hounds (Lair:5)
  11 water moccasins
  Duvessa (D:7)
  A sky beast (D:6)
  10 orc warriors
  A swamp drake (Swamp:1)
  An ice beast (D:8)
  3 black bears
  6 centaurs
  5 wolves (Lair:3)
  2 phantoms
  Blork the orc (D:4)
  2 kobold brigands
  8 bullfrogs
  A necrophage (D:7)
  2 scorpions
  3 wights (D:6)
  15 killer bees
  Dowan (D:7)
  2 electric eels (Lair:1)
  5 lava snakes (Lair:5)
  3 hounds
  An orc priest (D:2)
  A gnoll bouda (D:5)
  Ijyb (D:3)
  3 iguanas (D:5)
  8 orc wizards
  16 gnolls
  A river rat (D:9)
  11 adders
  2 shadow imps
  A white imp (D:6)
  2 ufetubi
  A worm (D:4)
  A dart slug (D:3)
  43 orcs
  7 bats
  5 endoplasms
  2 giant cockroaches
  14 goblins
  4 hobgoblins
  9 jackals
  16 kobolds
  6 quokkas
  5 ball pythons
  A frilled lizard (D:2)
  9 rats
  5 fire vortices (Volcano)
398 creatures vanquished.

Vanquished Creatures (others)
  A spriggan druid (Swamp:1)
  6 bushes (Lair:3)
  A fire vortex (Volcano)
  22 foxfires (Swamp:1)
  18 fungi
  64 plants
112 creatures vanquished.

Grand Total: 510 creatures vanquished

Notes
Turn   | Place    | Note
-------+----------+-------------------------------------------
     0 | D:1      | oldriver the Meteoran Hunter began the quest for the Orb.
     0 | D:1      | Reached XP level 1. HP: 17/17 MP: 2/2
    42 | D:1      | Reached XP level 2. HP: 24/24 MP: 3/3
   123 | D:1      | Reached skill level 5 in Ranged Weapons
   226 | D:1      | Reached XP level 3. HP: 29/29 MP: 4/4
   402 | D:2      | Reached XP level 4. HP: 36/36 MP: 5/5
   414 | D:2      | Reached XP level 5. HP: 27/41 MP: 6/6
   804 | D:3      | Noticed Ijyb
   815 | D:3      | Killed Ijyb
   878 | D:3      | Reached skill level 1 in Armour
   878 | D:3      | Reached XP level 6. HP: 38/50 MP: 7/7
   943 | D:3      | Found a hazy altar of Hepliaklqana.
   946 | D:3      | Found a glowing golden altar of the Shining One.
   951 | D:3      | Found a bloodstained altar of Trog.
  1235 | D:3      | Identified the +0 flail "Jeruygaoba" {heavy, *Rage rF+ rC+}
  1360 | D:4      | Noticed Grinder
  1366 | D:4      | Killed Grinder
  1367 | D:4      | Reached skill level 3 in Fighting
  1367 | D:4      | Reached skill level 1 in Shields
  1367 | D:4      | Reached XP level 7. HP: 57/57 MP: 8/8
  1396 | D:4      | Found a staircase to the Ecumenical Temple.
  1402 | Temple   | Entered the Ecumenical Temple
  1402 | Temple   | Found a transporter.
  1402 | Temple   | Found a transporter.
  1404 | Temple   | Found a transporter.
  1404 | Temple   | Found a transporter.
  1682 | D:4      | Noticed Blork the orc
  1697 | D:4      | Killed Blork the orc
  1698 | D:4      | Reached XP level 8. HP: 24/63 MP: 9/9
  1806 | D:5      | Entered Level 5 of the Dungeon
  1872 | D:5      | Found an iron altar of Okawaru.
  1951 | D:5      | Became a worshipper of Warmaster Okawaru
  2255 | D:5      | Found an ornate altar of the Wu Jian Council.
  2336 | D:5      | Identified a scroll of acquirement
  2336 | D:5      | Acquired the amulet "Ighobuna" {Regen+ Str+7 Slay+3}
  2349 | D:6      | Noticed a shadow
  2355 | D:6      | Killed a shadow
  2356 | D:6      | Gained mutation: You passively map the area around you.
                  | [Meteoran growth]
  2356 | D:6      | Reached XP level 9. HP: 71/71 MP: 10/10
  2393 | D:6      | Reached skill level 4 in Fighting
  2423 | D:6      | Reached * piety under Okawaru
  2453 | D:6      | Reached skill level 10 in Ranged Weapons
  2614 | D:6      | Reached skill level 5 in Armour
  2632 | D:6      | Reached skill level 5 in Dodging
  2635 | D:6      | Reached skill level 5 in Shields
  2842 | D:7      | Reached ** piety under Okawaru
  2843 | D:7      | Reached skill level 5 in Fighting
  2843 | D:7      | Reached skill level 1 in Invocations
  2845 | D:7      | Noticed Menkaure
  2849 | D:7      | Killed Menkaure
  2850 | D:7      | Reached XP level 10. HP: 81/81 MP: 10/12
  3040 | D:7      | Identified the +0 cloak of the Evening {rC++ Will+ Str+2
                  | Int-4}
  3116 | D:7      | Acquired the +0 pair of gloves of Charity {rCorr Dex-2
                  | SInv}
  3135 | D:7      | Noticed Duvessa
  3135 | D:7      | Noticed Dowan
  3149 | D:7      | Killed Duvessa
  3153 | D:7      | Killed Dowan
  3726 | D:8      | Noticed Maggie
  3744 | D:8      | Killed Maggie
  3825 | D:8      | Reached skill level 5 in Invocations
  4175 | D:9      | Reached *** piety under Okawaru
  4216 | D:9      | Noticed a death yak
  4220 | D:9      | Noticed a death yak
  4228 | D:9      | Noticed a death yak
  4243 | D:9      | Noticed Amaemon
  4306 | D:9      | Found a flagged portal.
  4312 | Bailey   | Entered a bailey
  4421 | Bailey   | Reached XP level 11. HP: 83/89 MP: 12/15
  4466 | Bailey   | Reached skill level 6 in Fighting
  4480 | Bailey   | Noticed an orc knight
  4500 | Bailey   | Killed an orc knight
  4777 | D:9      | Identified the +0 buckler of the Postmodern Ears {Harm
                  | rElec rPois}
  4967 | D:9      | Killed Amaemon
  4967 | D:9      | Reached **** piety under Okawaru
  5073 | D:9      | Reached skill level 7 in Fighting
  5114 | D:9      | Found a staircase to the Lair.
  5205 | D:9      | Killed a death yak
  5211 | D:9      | Killed a death yak
  5217 | D:9      | Killed a death yak
  5467 | Lair:1   | Entered Level 1 of the Lair of Beasts
  5468 | Lair:1   | Found a dark tunnel.
  5475 | Volcano  | Entered a volcano
  5534 | Volcano  | Reached XP level 12. HP: 22/100 MP: 16/16
  5655 | Volcano  | Noticed a lindwurm
  5655 | Volcano  | Noticed a lindwurm
  5683 | Lair:1   | Identified the +7 scale mail of Bugoaz {+Inv rC+}
  5692 | Lair:1   | Reached skill level 8 in Fighting
  5752 | Lair:1   | You fall into a shaft and drop 1 floor!
  5752 | Lair:2   | Noticed a skyshark
  5767 | Lair:2   | Killed a skyshark
  5825 | Lair:2   | Reached skill level 9 in Fighting
  5873 | Lair:1   | Reached ***** piety under Okawaru
  5942 | Lair:1   | Reached skill level 10 in Fighting
  6289 | Lair:3   | Reached skill level 11 in Fighting
  6322 | Lair:3   | Reached XP level 13. HP: 103/116 MP: 17/17
  6344 | Lair:3   | Received a gift from Okawaru
  6434 | Lair:2   | Found a hole to the Spider Nest.
  6448 | Lair:2   | Found a runed translucent gate.
  6448 | Lair:2   | Found a runed translucent gate.
  6456 | Lair:2   | Found a runed translucent gate.
  6515 | Lair:2   | Reached skill level 12 in Fighting
  6560 | Lair:2   | Noticed a five-headed hydra
  6560 | Lair:2   | Noticed a five-headed hydra
  6569 | Lair:2   | Killed a five-headed hydra
  6576 | Lair:2   | Killed a five-headed hydra
  6586 | Lair:2   | Reached skill level 13 in Fighting
  6590 | Lair:2   | Found a staircase to the Swamp.
  6696 | Lair:3   | Noticed a boulder beetle
  6742 | Lair:3   | Killed a boulder beetle
  6788 | Lair:3   | Noticed a seven-headed hydra
  6808 | Lair:3   | Killed a seven-headed hydra
  6817 | Lair:3   | Reached skill level 14 in Fighting
  7026 | Lair:4   | Identified the +8 arbalest of a ziggurat {flame, rElec rN+}
  7194 | Lair:4   | Found a staircase to the Slime Pits.
  7195 | Lair:4   | Found a viscous altar of Jiyva.
  7228 | Lair:4   | Reached skill level 1 in Evocations
  7238 | Lair:4   | Noticed a six-headed hydra
  7247 | Lair:4   | Killed a six-headed hydra
  7247 | Lair:4   | Identified the +1 hat of Gyep {rF- rC++ Will- Dex+9}
                  | (Okawaru gifted it to you on level 4 of the Lair of Beasts)
  7247 | Lair:4   | Received a gift from Okawaru
  7249 | Lair:4   | Noticed Sonja
  7257 | Lair:4   | Killed Sonja
  7260 | Lair:4   | Noticed a boulder beetle
  7294 | Lair:4   | Killed a boulder beetle
  7295 | Lair:4   | Reached skill level 15 in Fighting
  7514 | Lair:5   | Entered Level 5 of the Lair of Beasts
  7634 | Lair:5   | Acquired 913 gold pieces
  7641 | Lair:5   | Reached XP level 14. HP: 135/135 MP: 19/19
  7961 | Lair:5   | Upgraded the game from 0.30-a0-800-g7c544603b3 to
                  | 0.30-a0-808-g6e0788376e
  7985 | Lair:5   | Found a large runed translucent door.
  7985 | Lair:5   | Noticed a fire dragon
  8091 | Lair:5   | Found a large runed translucent door.
  8265 | Swamp:1  | Entered Level 1 of the Swamp
  8282 | Swamp:1  | Reached skill level 10 in Dodging
  8329 | Swamp:1  | Reached skill level 10 in Armour
  8521 | Arena    | Entered the Arena
  8528 | Arena    | Identified the +1 hat "Zerhaem" {rC++ Dex+5} (Okawaru
                  | gifted it to you in the Arena)
  8528 | Arena    | Received a gift from Okawaru
  8574 | Swamp:1  | Noticed an eleionoma
  8575 | Swamp:1  | Reached skill level 5 in Evocations
  8578 | Swamp:1  | Noticed a bunyip
  8625 | Swamp:1  | Noticed an eleionoma
  8680 | Swamp:1  | Killed an eleionoma
  8850 | Swamp:1  | Reached XP level 15. HP: 23/143 MP: 19/22
  8915 | Swamp:1  | Noticed Nikola
  8930 | Swamp:1  | Reached skill level 16 in Fighting
  8934 | Swamp:1  | Killed from afar by Nikola

Illustrated notes

Levels and vault maps discovered:
D:1:      zaba_arrival_water, layout_basic
D:2:      layout_loops_ring, kennysheep_potato
D:3:      layout_loops_ring, grunt_temple_overflow_open, uniq_ijyb
D:4:      layout_loops_cross, minmay_temple_entry_metal_lava, uniq_grinder,
          uniq_blork_the_orc
D:5:      layout_basic, lemuel_round_altar, okawaru_trees_2,
          kennysheep_cross_bottleneck, kennysheep_minor_cross,
          guppyfry_early_lair_pool
D:6:      nicolae_cairo_tiling_very_big, layout_rooms
D:7:      layout_basic, uniq_duvessa, uniq_menkaure
D:8:      layout_basic, uniq_maggie
D:9:      layout_basic, dpeg_lair_monsters, enter_bailey_3, uniq_amaemon
Temple:   hellmonk_temple_divided_pantheon
Lair:1:   layout_regular_city, enter_volcano_2, serial_bayou_lagoon_b
Lair:2:   layout_gridlike, palyth_hydra_swamp_entry, spider_nest_entry_rubble,
          gammafunk_ghost_cemetery
Lair:3:   layout_loops_ring, serial_forest, infiniplex_forest_lined_ring,
          infiniplex_forest_clump_long, infiniplex_forest_zigzag_1,
          infiniplex_forest_straight_4, infiniplex_forest_straight_3,
          infiniplex_forest_side_room, infiniplex_forest_clump_diagonal,
          chequers_serial_rivers_micro_b, beast_lair_carwin_11
Lair:4:   layout_cave_pods, slime_entry_1, serial_bayou_shore_b,
          infiniplex_staircase_pool_2, uniq_sonja
Lair:5:   cheibrodos_lair_end_hotspot, layout_hall_layers
Swamp:1:  nicolae_swamp_flooded_prison, layout_basic_swamp, serial_swamp_ruin,
          evilmike_swamp_ruin_house_1, evilmike_swamp_ruin_house_6,
          infiniplex_staircase_pool, uniq_nikola
Swamp:2:  layout_basic_swamp, nicolae_swamp_tree_designs

Skill      XL: |  1  2  3  4  5  6  7  8  9 10 11 12 13 14 15 |
---------------+----------------------------------------------+-----
Ranged Weapons | 5 6 7 8 9 10 12 14 | 14.0
Armour         | 1 2 3 4 5 7 9 10 11 | 11.0
Dodging        | 3 4 5 6 7 9 11 | 11.0
Fighting       | 3 5 7 11 15 16 | 16.0
Shields        | 1 2 4 5 |  5.0
Invocations    | 1 5 8 9 |  9.1
Evocations     | 2 5 |  5.0
Stealth        | |  0.6

Action                     |  1- 3 |  4- 6 |  7- 9 | 10-12 | 13-15 || total
---------------------------+-------+-------+-------+-------+-------++-------
  Melee: Unarmed           |       |       |       |    12 |       ||    12
   Fire: Shortbow          |    70 |    75 |       |       |       ||   145
         Sling             |       |    70 |   344 |   726 |   798 ||  1938
 Invoke: Heroism           |       |       |       |    13 |    18 ||    31
         Finesse           |       |       |       |       |     4 ||     4
         Duel              |       |       |       |       |     1 ||     1
  Evoke: Wand              |       |     3 |       |    10 |     3 ||    16
    Use: Scroll            |       |       |    17 |    10 |     7 ||    34
         Potion            |       |       |     1 |     8 |     7 ||    16
 Armour: Leather armour    |    11 |    34 |   101 |    34 |       ||   180
         Fire dragon scale |       |       |       |    85 |   200 ||   285
  Dodge: Dodged            |    21 |    46 |   121 |   245 |   317 ||   750
  Block: Buckler           |       |     7 |    66 |   105 |   217 ||   395

Table legend: (Time is in decaauts)
 A = Elapsed time spent in this place.
 B = Non-inter-level travel time spent in this place.
 C = Inter-level travel time spent in this place.
 D = Time resting spent in this place.
 E = Time spent auto-exploring this place.
 F = Levels seen in this place.
 G = Mean time per level.
                   A        B        C        D        E       F      G
               +--------+--------+--------+--------+--------+-----+--------+
         Total |   8782 |   8019 |    763 |     81 |      0 |  20 |  439.1 |
       Dungeon |   5042 |   4687 |    355 |     75 |      0 |   9 |  560.2 |
        Temple |     57 |     44 |     13 |      0 |      0 |   1 |   57.0 |
          Lair |   2526 |   2133 |    393 |      0 |      0 |   5 |  505.2 |
         Swamp |    602 |    602 |      0 |      0 |      0 |   2 |  301.0 |
        Bailey |    341 |    341 |      0 |      0 |      0 |   1 |  341.0 |
       Volcano |    182 |    182 |      0 |      0 |      0 |   1 |  182.0 |
         Arena |     29 |     29 |      0 |      5 |      0 |   1 |   29.0 |
               +--------+--------+--------+--------+--------+-----+--------+

Top non-repeatable levels by time:
     D:9: 922 daAuts
     D:8: 797 daAuts
  Lair:5: 577 daAuts
 Swamp:1: 573 daAuts
     D:5: 545 daAuts
  Lair:3: 544 daAuts
  Lair:2: 543 daAuts
     D:7: 537 daAuts
  Lair:4: 517 daAuts
     D:3: 503 daAuts
     D:4: 470 daAuts
     D:6: 439 daAuts
     D:1: 420 daAuts
     D:2: 406 daAuts
  Lair:1: 344 daAuts
